 Dungeon Sprint DCSS version 0.27-a0-1434-g6f15984924 (webtiles) character file.

Game seed: 2878573066528359785

145 mhtbhm the Protected (level 5, -7/52 HPs)
             Began as a Minotaur Fighter on July 3, 2021.
             Splashed by an oklob sapling wizard's acid (15 damage)
             ... in the Dungeon (Sprint IV: "Fedhas' Mad Dash").
             The game lasted 00:01:01 (1334 turns).

mhtbhm the Protected (Minotaur Fighter)             Turns: 1334, Time: 00:01:02

Health: -7/52      AC:  0    Str: 22    XL:     5   Next: 6%
Magic:  3/4        EV:  8    Int:  5    God:
Gold:   34         SH: 10    Dex:  9    Spells: 4/4 levels left

rFire    . . .     SeeInvis .   a - +0 trident
rCold    . . .     Faith    .   c - +0 kite shield
rNeg     . . .     Spirit   .   b - +0 scale mail
rPois    .         Reflect  .   (helmet restricted)
rElec    .         Harm     .   (no cloak)
rCorr    .         Rampage  .   (no gloves)
Will     .....     NoTele   +   (no boots)
Stlth    ..........             k - amulet of invisibility {+Inv}
HPRegen  0.17/turn              (no ring)
MPRegen  0.09/turn              (no ring)

@: mighty, corroded, very slightly contaminated
A: horns 2, retaliatory headbutt
a: Evoke Invisibility


You were in the Dungeon.
You visited 1 branch You collected 34 gold pieces.

Inventory:

Hand Weapons
 a - a +0 trident (weapon)
Armour
 b - a +0 scale mail (worn)
 c - a +0 kite shield (worn)
Jewellery
 k - the amulet of invisibility (around neck) {+Inv}
   (You found it in the Dungeon)

   [amulet of nothing]

   +Inv:      It lets you turn invisible.
Scrolls
 i - a scroll of vulnerability {unknown}
Potions
 e - a potion of curing
 f - a potion of heal wounds
 g - a potion of haste
 h - 2 potions of magic


   Skills:
 + Level 7.3 Fighting
 + Level 4.4 Polearms
 + Level 8.2 Armour
 + Level 6.9 Shields
 + Level 1.3 Evocations


You had 4 spell levels left.
You didn't know any spells.
Your spell library contained the following spells:

 Spells                   Type           Power      Damage    Failure   Level
 Call Canine Familiar     Summ           0%         N/A       100%        3
 Portal Projectile        Hex/Tloc       0%         N/A       100%        3
 Leda's Liquefaction      Hex/Erth       0%         N/A       100%        4


Dungeon Overview and Level Annotations

Branches:
Dungeon (1/1)

Altars:
Cheibriados
Dithmenos
Elyvilon
Gozag
Hepliaklqana
Kikubaaqudgha
Makhleb
Nemelex Xobeh
Okawaru
Qazlal
Ru
Sif Muna
Trog
Uskayaw
Vehumet
Wu Jian
Xom
Yredelemnul
Zin
The Shining One
Beogh
Jiyva
Lugonu

Annotations:
D exclusion: oklob sapling


Innate Abilities, Weirdness & Mutations

You have a pair of horns on your head.
You reflexively headbutt those who attack you in melee.


Message History

Your Evocations skill increases to level 1!
You have reached level 5!
There is a viscous altar of Jiyva here.
You flicker for a moment.
There is an ancient bone altar of Kikubaaqudgha here.
There is a corrupted altar of Lugonu here.
You flicker back into view.
You open the door.
An oklob sapling wizard comes into view.
The oklob sapling wizard spits acid at you.
The splash of acid hits you! The acid corrodes you!
You are splashed with acid!
Marking area around an oklob sapling as unsafe for travelling.
Found a scroll labelled JUXENWOOKE and 7 gold pieces.
You are too injured to fight recklessly!
You are too injured to fight recklessly!
You are too injured to fight recklessly!
You are too injured to fight recklessly!
You are too injured to fight recklessly!
You are too injured to fight recklessly!
You are too injured to fight recklessly!
You are too injured to fight recklessly!
You are too injured to fight recklessly!
There is an open door here.
Reach: a) +0 trident
Press: ? - help, Dir - move target, f - oklob sapling wizard
Aim: an oklob sapling wizard (about 2% to evade your +0 trident)
You reach to attack!
You completely miss the oklob sapling wizard.
Unknown command.
The oklob sapling wizard casts a spell at you.
The magic dart hits you!
You hit the oklob sapling wizard.
The oklob sapling wizard is moderately damaged.
You hit the oklob sapling wizard.
The oklob sapling wizard is moderately damaged.
The oklob sapling wizard spits acid at you.
The splash of acid hits you!
* * * LOW HITPOINT WARNING * * *
The acid corrodes you!
You are splashed with acid!
You die...

###################
.#.⌠._._._._.⌠.#.?+
.'.._._._._._..'@P#
.#..._._._._...#..#
##.._._._._._..#.$#
#._._._._._.⌠.####
###############


You could see an oklob sapling wizard.

Vanquished Creatures
  A scorpion (D)
  2 oklob saplings (D)
  A river rat (D)
  A rat (D)
5 creatures vanquished.

Notes
Turn   | Place    | Note
-------+----------+-------------------------------------------
     0 | D        | mhtbhm the Minotaur Fighter began the quest for the Orb.
     0 | D        | Reached XP level 1. HP: 19/19 MP: 0/0
    11 | D        | Reached skill level 4 in Armour
    11 | D        | Reached XP level 2. HP: 20/28 MP: 1/1
   393 | D        | Noticed an oklob sapling
   394 | D        | Killed an oklob sapling
   395 | D        | Reached skill level 5 in Fighting
   395 | D        | Reached skill level 5 in Armour
   395 | D        | Reached skill level 5 in Shields
   395 | D        | Reached XP level 3. HP: 36/36 MP: 2/2
   637 | D        | Noticed a scorpion
   638 | D        | Found the amulet of invisibility {+Inv}
   640 | D        | Killed a scorpion
   641 | D        | Reached skill level 7 in Armour
   641 | D        | Reached XP level 4. HP: 30/45 MP: 3/3
   859 | D        | Found an opulent altar of Gozag.
   859 | D        | Found a hazy altar of Hepliaklqana.
   859 | D        | Found a burning altar of Makhleb.
   859 | D        | Found a sparkling altar of Nemelex Xobeh.
   859 | D        | Found a snail-covered altar of Cheibriados.
   859 | D        | Found a sacrificial altar of Ru.
   859 | D        | Found a shimmering blue altar of Sif Muna.
   859 | D        | Found a shimmering altar of Xom.
   859 | D        | Found a basalt altar of Yredelemnul.
   860 | D        | Found a viscous altar of Jiyva.
   860 | D        | Found a bloodstained altar of Trog.
   860 | D        | Found an ornate altar of the Wu Jian Council.
   861 | D        | Found an iron altar of Okawaru.
   861 | D        | Found a shadowy altar of Dithmenos.
   861 | D        | Found a glowing silver altar of Zin.
   862 | D        | Found an ancient bone altar of Kikubaaqudgha.
   862 | D        | Found a hide-covered altar of Uskayaw.
   863 | D        | Found a stormy altar of Qazlal.
   863 | D        | Found a white marble altar of Elyvilon.
   863 | D        | Found a glowing golden altar of the Shining One.
   864 | D        | Found a corrupted altar of Lugonu.
   864 | D        | Found a radiant altar of Vehumet.
  1321 | D        | Reached skill level 8 in Armour
  1321 | D        | Reached skill level 1 in Evocations
  1321 | D        | Reached XP level 5. HP: 52/52 MP: 1/4
  1334 | D        | Splashed by an oklob sapling wizard's acid

Illustrated notes

Levels and vault maps discovered:
D:        dungeon_sprint_fedhas [sprint_temple]

Skill      XL: |  1  2  3  4 |
---------------+-------------+-----
Fighting       | 4 5 6 7 |  7.3
Armour         | 4 5 7 8 |  8.2
Shields        | 4 5 6 |  6.9
Polearms       | 3 4 |  4.4
Evocations     | 1 |  1.3

Action                   |  1- 3 |  4- 6 || total
-------------------------+-------+-------++-------
Melee: Trident           |     8 |    15 ||    23
       Headbutt          |     3 |       ||     3
 Abil: Evoke Invisibilit |       |     3 ||     3
  Use: Potion            |     1 |     1 ||     2
       Scroll            |       |     1 ||     1
Block: Kite shield       |     2 |       ||     2

Table legend: (Time is in decaauts)
 A = Elapsed time spent in this place.
 B = Non-inter-level travel time spent in this place.
 C = Inter-level travel time spent in this place.
 D = Time resting spent in this place.
 E = Time spent auto-exploring this place.
 F = Levels seen in this place.
 G = Mean time per level.
                   A        B        C        D        E       F      G
               +--------+--------+--------+--------+--------+-----+--------+
         Total |   1350 |   1350 |      0 |   1235 |      0 |   1 | 1350.0 |
       Dungeon |   1350 |   1350 |      0 |   1235 |      0 |   1 | 1350.0 |
               +--------+--------+--------+--------+--------+-----+--------+

Top non-repeatable levels by time:
       D: 1350 daAuts
